 Dungeon Crawl Stone Soup version 0.27-a0-1191-g601b473118 (webtiles) character file.

Game seed: 3996285696686299126

12 agentchuck the Grave Robber (level 2, 0/22 HPs)
             Began as a Naga Necromancer on May 25, 2021.
             Frozen to death by an endoplasm (5 damage)
             ... on level 1 of the Dungeon.
             The game lasted 00:01:53 (205 turns).

agentchuck the Grave Robber (Naga Necromancer)       Turns: 205, Time: 00:01:54

Health: 0/22       AC:  1    Str: 10    XL:     2   Next: 33%
Magic:  0/5        EV:  9    Int: 15    God:
Gold:   5          SH:  0    Dex: 11    Spells: 4/5 levels left

rFire    . . .     SeeInvis +   (no weapon)
rCold    . . .     Faith    .   (no shield)
rNeg     . . .     Spirit   .   a - +0 robe
rPois    +         Reflect  .   (no helmet)
rElec    .         Harm     .   (no cloak)
rCorr    .         Rampage  .   (no gloves)
Will     .....                  (no barding)
Stlth    ++........             (no amulet)
HPRegen  0.07/turn              (no ring)
MPRegen  0.09/turn              (no ring)

@: short of breath, very slow
A: AC +0, large, see invisible, deformed body, poison resistance, slowness 2,
spit poison 1, naga tail 1
a: Spit Poison


You were on level 1 of the Dungeon.
You visited 1 branch of the dungeon, and saw 1 of its levels.

You collected 5 gold pieces.


Innate Abilities, Weirdness & Mutations

Your serpentine skin is tough. (AC +0)
You have supernaturally acute eyesight. (SInv)
Armour fits poorly on your strangely shaped body.
Your system is resistant to poisons. (rPois)
You cover ground very slowly.
You can spit poison.
You have a snake-like lower body.


   Skills:
 - Level 1.5 Dodging
 - Level 3.0 Stealth
 - Level 2.0 Spellcasting
 + Level 4.5 Necromancy


You had 4 spell levels left.
You knew the following spells:

 Your Spells              Type           Power      Damage    Failure   Level
z - Pain                  Necr           60%        1d7       3%          1

Your spell library contained the following spells:

 Spells                   Type           Power      Damage    Failure   Level
 Animate Skeleton         Necr           30%        N/A       3%          1
 Vampiric Draining        Necr           7%         2d7       10%         3
 Animate Dead             Necr           7%         N/A       32%         4
 Agony                    Necr           15%        N/A       67%         5

Inventory:

Missiles
 e - 2 stones
Armour
 a - a +0 robe (worn)
Potions
 b - 2 potions of degeneration {unknown}
 c - a potion of lignification {unknown}
 d - a potion of curing {unknown}

Dungeon Overview and Level Annotations

Branches:
Dungeon (1/15)

Altars:

#####
############
#...#
.........?.#
#...#
........@J.##
###...###
............#
#........
.#.####!....#
#........
............#
#........
.#.#.##.....#
#........ ...
#†....#
#........
.....##.....#
#........
............#
#........
............#
#........


You could see an endoplasm.


Message History

Use which ability? (? or * to list)
Press: ? - help, Shift-Dir - straight line, f/p - jackal
Aim: a jackal (moderately wounded)
The splash of poison hits the jackal.
The jackal is heavily wounded.
The jackal closely misses you.
You hit the jackal.
The jackal is severely wounded.
The jackal completely misses you.
The endoplasm jiggles.
The jackal bites you.
You hit the jackal.
The jackal is almost dead.
The endoplasm hits you. The jackal barely misses you.
Casting: Pain (safe; 3% risk of failure)
Confirm with . or Enter, or press ? or * to list all spells.
Aiming: Pain (safe; 3% risk of failure)
Press: ? - help, Shift-Dir - straight line, f/p - jackal
Aim: a jackal (almost dead, chance to affect: 85%)
The jackal writhes in agony.
You kill the jackal!
The endoplasm freezes you.
You are frozen.
* * * LOW HITPOINT WARNING * * *
You hit the endoplasm but do no damage. The endoplasm hits you.
* * * LOW HITPOINT WARNING * * *
Your magical contamination has completely faded away.
The endoplasm freezes you.
You are frozen.
You die...

Action                   || total
-------------------------++-------
Melee: Unarmed           ||     6
 Cast: Pain              ||     7
 Abil: Spit Poison       ||     9
Armor: Robe              ||     1
Dodge: Dodged            ||    12

Levels and vault maps discovered:
D:1:      sevenhm_arrival_forest_fort_large_3, layout_basic

Notes
Turn   | Place    | Note
-------+----------+-------------------------------------------
     0 | D:1      | agentchuck the Naga Necromancer began the quest for the
                  | Orb.
     0 | D:1      | Reached XP level 1. HP: 15/15 MP: 3/3
   153 | D:1      | Reached XP level 2. HP: 19/22 MP: 0/5
   205 | D:1      | Frozen to death by an endoplasm

Vanquished Creatures
  An endoplasm (D:1)
  A giant cockroach (D:1)
  A goblin (D:1)
  A hobgoblin (D:1)
  2 jackals (D:1)
  A kobold (D:1)
  A quokka (D:1)
  2 rats (D:1)
10 creatures vanquished.

Table legend: (Time is in decaauts)
 A = Elapsed time spent in this place.
 B = Non-inter-level travel time spent in this place.
 C = Inter-level travel time spent in this place.
 D = Time resting spent in this place.
 E = Time spent auto-exploring this place.
 F = Levels seen in this place.
 G = Mean time per level.
                   A        B        C        D        E       F      G
               +--------+--------+--------+--------+--------+-----+--------+
         Total |    271 |    271 |      0 |      0 |      0 |   1 |  271.0 |
       Dungeon |    271 |    271 |      0 |      0 |      0 |   1 |  271.0 |
               +--------+--------+--------+--------+--------+-----+--------+

Top non-repeatable levels by time:
     D:1: 271 daAuts

Table legend:
 A = Non-vault XP
 B = Vault XP
 C = Vault XP percentage of total XP
 D = Non-vault monster count
 E = Vault monster count
 F = Vault count percentage of total count
                 A         B        C        D         E       F
            +---------+---------+-------+---------+---------+-------
      Total |      18 |       0 |   0.0 |      10 |       0 |   0.0
            +---------+---------+-------+---------+---------+-------
        D:1 |      18 |       0 |   0.0 |      10 |       0 |   0.0
            +---------+---------+-------+---------+---------+-------
